 Dungeon Crawl Stone Soup version 0.26-a0-639-g72c4674329 (webtiles) character file.

Game seed: 16484020200884240436

67 DogServant the Chiller (level 4, 1/24 HPs)
             Began as a Deep Elf Ice Elementalist on Sept 17, 2020.
             Quit the game on level 2 of the Dungeon.
             The game lasted 00:06:05 (1206 turns).

DogServant the Chiller (Deep Elf Ice Elementalist)  Turns: 1206, Time: 00:06:06

Health: 1/24       AC:  2    Str:  5    XL:     4   Next: 0%
Magic:  2/12       EV: 13    Int: 21    God:
Gold:   146        SH:  0    Dex: 15    Spells: 7/11 levels left

rFire    . . .     SeeInvis .   (no weapon)
rCold    . . .     Faith    .   (no shield)
rNeg     . . .     Spirit   .   a - +0 robe
rPois    .         Reflect  .   (helmet restricted)
rElec    .         Harm     .   (no cloak)
rCorr    .         Rampage  .   (no gloves)
MR       .....                  (no boots)
Stlth    ++........             (no amulet)
HPRegen  0.08/turn              (no ring)
MPRegen  0.13/turn              (no ring)

@: no status effects
A: antennae 1, screaming 1
a: no special abilities


You were on level 2 of the Dungeon.
You visited 1 branch of the dungeon, and saw 2 of its levels.

You collected 146 gold pieces.

Inventory:

Armour
 a - a +0 robe (worn)
Jewellery
 c - an uncursed amulet of faith {unknown}
 g - an uncursed ring of see invisible {unknown}
Scrolls
 e - 4 scrolls of identify
 f - a scroll of immolation {unknown}
 h - 2 scrolls of enchant armour {unknown}
 l - 2 scrolls of teleportation {unknown}
Potions
 k - a potion of flight {unknown}


   Skills:
 - Level 2.4 Dodging
 + Level 3.5 Stealth
 + Level 4.2 Spellcasting
 + Level 5.1 Ice Magic


You had 7 spell levels left.
You knew the following spells:

 Your Spells              Type           Power        Failure   Level
a - Freeze                Ice            ####         1%          1
b - Frozen Ramparts       Ice            ####..       4%          3

Your spell library contained the following spells:

 Spells                   Type           Power        Failure   Level
 Ozocubu's Armour         Ice            ####....     4%          3
 Hailstorm                Conj/Ice       ###.....     38%         4
 Summon Ice Beast         Ice/Summ       ###.....     38%         4


Dungeon Overview and Level Annotations

Branches:
Dungeon (2/15)

Altars:
Okawaru


Innate Abilities, Weirdness & Mutations

You have a pair of small antennae on your head.
You occasionally shout uncontrollably at your foes.


Message History

The shadow imp hits you.
* * * LOW HITPOINT WARNING * * *
As you read the scroll labeled SAIREUPEMU, it crumbles to dust.
It is a scroll of identify.
j - a potion of curing The shadow imp gestures at you.
Pain shoots through your body!
* * * LOW HITPOINT WARNING * * *
You feel better. The shadow imp misses you.
Okay, then.
Casting: Freeze (safe; 1% risk of failure)
Confirm with . or Enter, or press ? or * to list all spells.
Okay, then.
The shadow imp gestures at you. Pain shoots through your body!
* * * LOW HITPOINT WARNING * * *
Casting: Freeze (safe; 1% risk of failure)
Confirm with . or Enter, or press ? or * to list all spells.
Okay, then.
Are you sure you want to abandon this character and quit the game? (Confirm with "yes".)

#######
####..§§@#
#.....§§§#
#...#.§5§#
#
#..#.#§§§#
#
#.#._.#..#
#
#..#?#...#
#
#...#....#
#
#........#
#
####=....#


You could see a shadow imp.

Vanquished Creatures
  A hound (D:2)
  An adder (D:2)
  2 worms (D:2)
  3 dart slugs (D:2)
  2 goblins
  4 hobgoblins
  2 kobolds (D:2)
  A bat (D:1)
  6 rats
22 creatures vanquished.

Notes
Turn   | Place    | Note
-------+----------+-------------------------------------------
     0 | D:1      | DogServant the Deep Elf Ice Elementalist began the quest
                  | for the Orb.
     0 | D:1      | Reached XP level 1. HP: 10/10 MP: 6/6
   532 | D:2      | Noticed a hound
   550 | D:2      | Reached XP level 2. HP: 15/15 MP: 3/8
   561 | D:2      | Reached XP level 3. HP: 9/19 MP: 0/10
   568 | D:2      | Gained mutation: You occasionally shout uncontrollably at
                  | your foes. [potion of mutation]
   568 | D:2      | Gained mutation: You have a pair of small antennae on your
                  | head. [potion of mutation]
   589 | D:2      | Learned a level 3 spell: Frozen Ramparts
   695 | D:2      | Reached skill level 5 in Ice Magic
  1091 | D:2      | Reached XP level 4. HP: 24/24 MP: 8/12
  1175 | D:2      | Found an iron altar of Okawaru.
  1203 | D:2      | HP: 1/24 [shadow imp/nerve-wracking pain (2)]
  1206 | D:2      | Quit the game

Illustrated notes

Levels and vault maps discovered:
D:1:      mrwooster_arrival_statue_3, layout_rooms, minmay_rat_gold_closets
D:2:      layout_rooms, okawaru_metal_pillars_3

Skill      XL: |  1  2  3 |
---------------+----------+-----
Stealth        | 3 |  3.5
Spellcasting   | 4 |  4.2
Ice Magic      | 5 |  5.1
Dodging        | |  2.4

Action                   |  1- 3 |  4- 6 || total
-------------------------+-------+-------++-------
Melee: Unarmed           |     5 |       ||     5
 Cast: Freeze            |    21 |    10 ||    31
       Frozen Ramparts   |     7 |     1 ||     8
  Use: Potion            |     2 |     1 ||     3
       Scroll            |     1 |     3 ||     4
Armor: Robe              |     4 |       ||     4
Dodge: Dodged            |    21 |    12 ||    33

Table legend: (Time is in decaauts)
 A = Elapsed time spent in this place.
 B = Non-inter-level travel time spent in this place.
 C = Inter-level travel time spent in this place.
 D = Time resting spent in this place.
 E = Time spent auto-exploring this place.
 F = Levels seen in this place.
 G = Mean time per level.
                   A        B        C        D        E       F      G
               +--------+--------+--------+--------+--------+-----+--------+
         Total |   1185 |   1152 |     33 |    177 |    741 |   2 |  592.5 |
       Dungeon |   1185 |   1152 |     33 |    177 |    741 |   2 |  592.5 |
               +--------+--------+--------+--------+--------+-----+--------+

Top non-repeatable levels by time:
     D:2: 658 daAuts
     D:1: 527 daAuts
